AoeStats
← Killshot18

Black Forest

509004968Analyzed
4v4 RM · 6d ago on Sep 25, 2026· 53m 35s· 8 players
Game mode
Random Map
Map size
Large (8 player)
Population
200
Speed
Normal
Resources
Standard
Victory
Conquest
Starting age
Dark Age
Ending age
Imperial Age
RankedLock teamsTeams togetherTeam positionsShared explorationLock speedFull tech treeHidden civsTurbo modeCheats
Victory
Defeat
🇺🇸 Saxons · United States
1211
+11
🇺🇸 Mongols · United States
1199
+11
🇺🇸 Tupi · United States
1122
+14
🇺🇸 Varangians · United States
1091
+16
🇺🇸 Varangians · United States
1107
-14
🇺🇸 Varangians · United States
1092
-13
🇺🇸 Persians · United States
1086
-13
🇺🇸 Hindustanis · United States
1071
-12
Tiger333
0:43 Loom
13:02 Feudal Age
17:38 Castle Age
15:55 Double-Bit Axe
15:53 Horse Collar
17:16 Wheelbarrow
20:34 Town Watch
21:07 Hand Cart
21:18 Heavy Plow
26:45 Bow Saw
Spicy Meatball
10:42 Feudal Age
15:09 Castle Age
14:49 Double-Bit Axe
21:42 Horse Collar
22:12 Loom
25:10 Bow Saw
26:41 Wheelbarrow
26:41 Bloodlines
26:32 Husbandry
28:04 Elite Skirmisher
28:39 Fletching
30:56 Bodkin Arrow
32:12 Padded Archer Armor
34:59 Imperial Age
33:38 Leather Archer Armor
34:40 Ballistics
35:50 Bracer
36:21 Ring Archer Armor
37:27 Chemistry
36:39 Masonry
36:27 Murder Holes
36:44 Heavy Plow
38:19 Two-Man Saw
38:04 Crop Rotation
37:50 Scale Barding Armor
40:26 Forging
42:30 Chain Barding Armor
LordYeetus
0:43 Loom
12:02 Feudal Age
16:35 Castle Age
15:05 Double-Bit Axe
15:15 Horse Collar
18:50 Bow Saw
19:39 Heavy Plow
21:23 Wheelbarrow
23:12 Stone Mining
23:12 Gold Mining
24:37 Hand Cart
24:08 Town Watch
26:57 Gold Shaft Mining
26:57 Stone Shaft Mining
27:37 Fortified Wall
27:24 Murder Holes
27:45 Masonry
28:23 Town Patrol
31:18 Imperial Age
30:38 Scale Barding Armor
30:44 Forging
29:58 Light Cavalry
30:49 Bloodlines
30:39 Husbandry
30:57 Scale Mail Armor
32:59 Chain Barding Armor
33:14 Iron Casting
34:01 Grand Trunk Road
34:23 Conscription
34:41 Hoardings
33:51 Heavy Camel Rider
36:01 Imperial Camel Rider
37:51 Chemistry
37:12 Ballistics
36:20 Hussar
38:59 Shatagni
40:02 Padded Archer Armor
39:53 Fletching
40:39 Plate Barding Armor
42:06 Blast Furnace
矮脚虎王英
9:07 Loom
11:03 Feudal Age
15:05 Castle Age
13:04 Double-Bit Axe
13:14 Horse Collar
16:09 Bow Saw
16:20 Heavy Plow
21:45 Wheelbarrow
23:04 Hand Cart
23:39 Gold Mining
24:56 Stone Mining
26:55 Scale Barding Armor
29:48 Imperial Age
28:15 Chain Barding Armor
28:15 Town Watch
28:43 Forging
29:53 Stone Shaft Mining
29:20 Husbandry
29:31 Bloodlines
30:04 Cavalier
30:43 Capped Ram
32:18 Squires
32:04 Arson
31:41 Elite Varangian Guard
32:43 Conscription
34:09 Plate Barding Armor
33:45 Vendel Legacy
34:26 Gothikon
35:50 Iron Casting
35:16 Scale Mail Armor
36:23 Siege Ram
37:58 Chain Mail Armor
38:44 Blast Furnace
41:37 Plate Mail Armor
46:22 Pikeman
46:28 Man-at-Arms
47:53 Long Swordsman
48:50 Fletching
49:01 Padded Archer Armor
48:47 Elite Skirmisher
49:49 Bodkin Arrow
50:58 Bracer
51:35 Ballistics
52:40 Leather Archer Armor
54:22 Chemistry
Empire
3:04 Loom
11:24 Feudal Age
15:41 Castle Age
13:56 Double-Bit Axe
13:52 Horse Collar
19:18 Heavy Plow
19:29 Bow Saw
23:40 Gold Mining
24:44 Wheelbarrow
24:16 Stone Mining
26:18 Hand Cart
31:27 Imperial Age
29:06 Caravan
30:39 Gold Shaft Mining
29:32 Pikeman
30:12 Squires
29:58 Gambesons
30:21 Squires
30:07 Gambesons
30:09 Arson
31:55 Thumb Ring
31:13 Crossbowman
31:49 Fletching
32:00 Padded Archer Armor
32:00 Scale Mail Armor
32:11 Forging
31:32 Elite Varangian Guard
31:36 Halberdier
32:43 Bodkin Arrow
33:43 Leather Archer Armor
33:51 Conscription
32:52 Shield Wall
34:08 Hoardings
33:47 Guilds
34:49 Two-Man Saw
34:24 Crop Rotation
34:47 Chain Mail Armor
33:59 Arbalester
36:50 Iron Casting
36:15 Bracer
36:43 Ballistics
36:34 Masonry
37:50 Chemistry
37:19 Capped Ram
39:43 Plate Mail Armor
40:16 Siege Ram
41:12 Siege Engineers
41:05 Elite Hearth Troop
43:17 Ring Archer Armor
44:53 Elite Skirmisher
53:22 Coinage
VladTheMegabonk
12:30 Feudal Age
17:07 Castle Age
14:58 Double-Bit Axe
15:50 Horse Collar
18:20 Heavy Plow
21:48 Bow Saw
22:45 Stone Mining
22:45 Gold Mining
23:44 Wheelbarrow
25:33 Hand Cart
25:16 Loom
31:36 Imperial Age
29:41 Forging
29:37 Scale Barding Armor
30:00 Bloodlines
30:04 Husbandry
31:38 Cavalier
33:05 Chain Barding Armor
33:21 Iron Casting
32:45 Vendel Legacy
35:00 Plate Barding Armor
35:01 Gold Mining
36:57 Blast Furnace
36:35 Caravan
45:49 Conscription
45:33 Light Cavalry
Killshot18
0:35 Loom
11:21 Feudal Age
16:22 Castle Age
17:19 Town Watch
20:02 Wheelbarrow
22:28 Horse Collar
24:41 Double-Bit Axe
28:37 Heavy Plow
30:04 Hand Cart
30:33 Fletching
34:05 Imperial Age
31:16 Pikeman
31:57 Squires
32:53 Bow Saw
33:21 Bodkin Arrow
33:28 Scale Mail Armor
33:29 Padded Archer Armor
34:23 Ballistics
34:24 Gold Mining
34:08 Halberdier
34:11 Elite Blackwood Archer
35:45 Chain Mail Armor
35:35 Bracer
36:20 Chain Mail Armor
37:49 Curare
40:26 Plate Mail Armor
40:47 Forging
47:44 Chemistry
50:50 Leather Archer Armor
51:17 Iron Casting
50:18 Elite Skirmisher
markymark
10:31 Feudal Age
14:04 Castle Age
12:54 Double-Bit Axe
14:36 Fletching
15:14 Bow Saw
15:39 Gold Mining
15:47 Horse Collar
16:47 Bodkin Arrow
24:32 Padded Archer Armor
27:10 Wheelbarrow
28:36 Ballistics
29:16 Heavy Plow
31:01 Hand Cart
34:41 Imperial Age
33:29 Loom
35:35 Bloodlines
35:26 Husbandry
35:24 Elite Mangudai
36:06 Bracer
36:41 Thumb Ring
37:55 Chemistry
40:52 Conscription
41:00 Conscription
41:24 Parthian Tactics
40:23 Onager
41:21 Leather Archer Armor
Connection lost

Rejoining the realm…

Still unreachable

The connection could not be restored.

Session expired

The server has moved on; the page needs a fresh start.